 Dungeon Crawl Stone Soup version 0.29.1-13-g9f3cf754e1 (webtiles) character file.

Game seed: 11389182507988035363

129 DemonSlayer the Digger (level 4, -1/30 HPs)
             Began as a Demonspawn Earth Elementalist on Jan 21, 2023.
             Shot with an arrow by a centaur (12 damage)
             ... on level 5 of the Dungeon.
             The game lasted 00:08:01 (3762 turns).

DemonSlayer the Digger (DsEE)                       Turns: 3762, Time: 00:08:02

Health: -1/30      AC:  2    Str: 10    XL:     4   Next: 88%
Magic:  7/8        EV: 12    Int: 16    God:
Gold:   109        SH:  5    Dex: 14    Spells: 6/9 levels left

rFire   . . .      SeeInvis .   q - +4 long sword (vamp)
rCold   . . .      Faith    .   (no shield)
rNeg    . . .      Spirit   .   a - +0 robe
rPois   .          Reflect  +   (no helmet)
rElec   .          Harm     .   (no cloak)
rCorr   .          Rampage  .   (no gloves)
Will    .....                   (no boots)
Stlth   ++........              d - amulet of reflection
HPRegen 0.10/turn               (no ring)
MPRegen 0.11/turn               (no ring)

@: no status effects
A: demonic guardian 1, foul stench 1, weakness stinger 1
a: no special abilities


You were on level 5 of the Dungeon.
You visited 1 branch of the dungeon, and saw 5 of its levels.

You collected 109 gold pieces.

Inventory:

Hand Weapons
 j - a +3 dagger
 q - a +4 vampiric long sword (weapon)
Missiles
 g - a throwing net
Armour
 a - a +0 robe (worn)
Jewellery
 d - an amulet of reflection (around neck)
Wands
 m - a wand of acid (7)
Scrolls
 b - 2 scrolls of immolation
 h - a scroll of fear
Potions
 i - a potion of curing
 n - a potion of magic
 p - a potion of heal wounds {unknown}


   Skills:
 + Level 0.5 Short Blades
 + Level 2.0 Dodging
 + Level 2.7 Stealth
 + Level 3.1 Spellcasting
 + Level 0.8 Transmutations
 + Level 3.7 Earth Magic


You had 6 spell levels left.
You knew the following spells:

 Your Spells              Type           Power      Damage    Failure   Level
a - Sandblast             Erth           28%        2d8       4%          1
b - Passwall              Tmut/Erth      7%         N/A       11%         2

Your spell library contained the following spells:

 Spells                   Type           Power      Damage    Failure   Level
 Stone Arrow              Conj/Erth      16%        3d8       26%         3
 Static Discharge         Conj/Air       2%         3-4/arc   28%         2
 Ignite Poison            Fire/Tmut/Pois 3%         N/A       45%         3
 Conjure Flame            Conj/Fire      2%         6-21      50%         3
 Petrify                  Tmut/Erth      9%         N/A       56%         4
 Dispel Undead            Necr           2%         3d7       88%         4
 Sticky Flame             Conj/Fire      2%         2d3       88%         4


Dungeon Overview and Level Annotations

Branches:
Dungeon (5/15)
 Temple: D:4-7

Altars:
Ru
Vehumet
Xom

Annotations:
D:2 Sigmund


Innate Abilities, Weirdness & Mutations

A weak demonic guardian rushes to your aid.
You may rarely emit foul miasma when damaged in melee.
You have a small tail.


Message History

A centaur comes into view.
A centaur is nearby!
A centaur is nearby!
A centaur is nearby!
Okay, then.
You start resting.
HP restored.
The centaur shouts!
The centaur wields a +3 shortbow.
The centaur shoots an arrow.
The arrow closely misses you.
The centaur shoots an arrow.
You reflect the arrow off an invisible shield around you!
The arrow hits the centaur!
The blast of sand hits the centaur!
The centaur is severely wounded.
The centaur shoots an arrow.
The arrow hits you!
A demonic guardian appears!
The centaur shoots an arrow.
The arrow closely misses your iron imp. The arrow hits you!
Unknown command.
What are your orders? t - Shout!
Orders for allies: a - Attack new target. p - Attack previous target. r - Retreat! s - Stop attacking. g - Guard the area. f - Follow me.
Anything else - Cancel.
Gang up on whom?
Press: ? - help, Dir - move target, f/p - centaur
Aim: a centaur, wielding a +3 shortbow (severely wounded, ally target) Attack!
The centaur shoots an arrow.
The arrow hits your iron imp.
The centaur shoots an arrow.
The arrow barely misses your iron imp. The arrow barely misses you.
Unknown command.
The centaur shoots an arrow.
The arrow hits your iron imp!
Unknown command.
The centaur shoots an arrow.
The arrow hits your iron imp!!
Your iron imp dies!
Your iron imp disappears in a puff of smoke!
The centaur shoots an arrow.
The arrow completely misses you.
The centaur shoots an arrow.
The arrow hits you!
You die...

########........
#.....#<........
#.###.##..c.....
#.# #........###
#.# ####ยง###[#
#.# #.....# #
#.# #.#.#.#
#.####.#.#.#
#....@.#...#
############


You could see a centaur.

Vanquished Creatures
  A gnoll (D:4)
  3 adders
  A worm (D:2)
  8 endoplasms
  2 giant cockroaches
  2 goblins
  6 hobgoblins
  4 jackals (D:2)
  5 quokkas
  7 ball pythons
  A bat (D:1)
  6 frilled lizards
  4 kobolds
  7 rats
57 creatures vanquished.

Vanquished Creatures (collateral kills)
  An iguana (D:4)
  A ball python (D:4)
  A bat (D:2)
  A kobold (D:2)
4 creatures vanquished.

Vanquished Creatures (others)
  5 dream sheep (D:3)
  A plant (D:1)
6 creatures vanquished.

Grand Total: 67 creatures vanquished

Notes
Turn   | Place    | Note
-------+----------+-------------------------------------------
     0 | D:1      | DemonSlayer the Demonspawn Earth Elementalist began the
                  | quest for the Orb.
     0 | D:1      | Reached XP level 1. HP: 13/13 MP: 3/3
   334 | D:1      | Gained mutation: A weak demonic guardian rushes to your
                  | aid. [demonic ancestry]
   334 | D:1      | Reached XP level 2. HP: 19/19 MP: 3/5
   337 | D:1      | Learned a level 2 spell: Passwall
  1111 | D:2      | Found a faded altar of an unknown god.
  1151 | D:2      | Gained mutation: You have a small tail. [demonic ancestry]
  1151 | D:2      | Reached XP level 3. HP: 24/24 MP: 0/6
  1334 | D:2      | Noticed Sigmund
  1939 | D:3      | Gained mutation: You may rarely emit foul miasma when
                  | damaged in melee. [demonic ancestry]
  1939 | D:3      | Reached XP level 4. HP: 10/30 MP: 3/8
  2488 | D:3      | Noticed a dream sheep
  2488 | D:3      | Noticed a dream sheep
  2488 | D:3      | Noticed a dream sheep
  2488 | D:3      | Noticed a dream sheep
  2488 | D:3      | Noticed a dream sheep
  2488 | D:3      | Found a shimmering altar of Xom.
  2491 | D:3      | Killed a dream sheep
  2491 | D:3      | Killed a dream sheep
  2491 | D:3      | Killed a dream sheep
  2491 | D:3      | Killed a dream sheep
  2493 | D:3      | Killed a dream sheep
  2655 | D:3      | Found a large runed translucent door.
  2658 | D:3      | Found a large runed translucent door.
  2837 | D:3      | Found a radiant altar of Vehumet.
  2866 | D:3      | Found a sacrificial altar of Ru.
  3528 | D:5      | Entered Level 5 of the Dungeon
  3561 | D:5      | Noticed a centaur
  3762 | D:5      | Shot with an arrow by a centaur

Illustrated notes

Levels and vault maps discovered:
D:1:      ncdulo_wetmaze, layout_basic, serial_bayou, serial_bayou_ford_a,
          serial_bayou_lake_a, serial_bayou_shore_b, serial_bayou_pond_a,
          hangedman_decor_diamond_cutter
D:2:      layout_basic, chequers_ecumenical_altar_twisty, uniq_sigmund
D:3:      layout_loops_cross, jmf_multi_god_temple2, kb_xom_exploding_sheep,
          chequers_big_river
D:4:      layout_rooms
D:5:      layout_basic, grunt_dithmenos_smoke_and_mirrors,
          minmay_temple_entry_nine_rooms, minmay_shop_grid_forest,
          uniq_menkaure, uniq_eustachio

Skill      XL: |  1  2  3  4 |
---------------+-------------+-----
Earth Magic    | 3 |  3.7
Dodging        | 2 |  2.0
Stealth        | 2 |  2.7
Spellcasting   | 3 |  3.1
Short Blades   | |  0.5
Transmutations | |  0.8

Action                   |  1- 3 |  4- 6 || total
-------------------------+-------+-------++-------
Melee: Dagger            |     4 |    10 ||    14
       Tailslap          |       |     2 ||     2
 Cast: Sandblast         |    51 |    24 ||    75
  Use: Potion            |     1 |     1 ||     2
       Scroll            |       |     9 ||     9
 Stab: Sleeping          |     2 |     2 ||     4
Armor: Robe              |     3 |       ||     3
Dodge: Dodged            |    19 |    14 ||    33
Block: Other             |     4 |     4 ||     8
       Reflection        |       |     1 ||     1
